NCAA
RUTGERS SCARLET KNIGHTS @ WASHINGTON HUSKIES
05/13/2024
 
TOP OF THE 1ST
Rutgers Scarlet Knights batting - Pitching for Washington Huskies : RHP David Henderson
Pitching: RHP David Henderson
Batting: SHB Woody Stanley 0-0: Called Strike
0-1: Ball
1-1: Ball
2-1: Foul Ball, location: 2F
2-2: Fly out, F6 (Popup, 6M)
Batting: RHB Chris Vásquez 0-0: Foul Ball, location: 2F
0-1: Foul Ball, location: 2F
0-2: Ball
1-2: Strikes out swinging
Batting: RHB John Patterson 0-0: Ball
1-0: Ball
2-0: Foul Ball, location: 2F
2-1: Foul Ball, location: 2F
2-2: Ball
3-2: Base on Balls
Batting: LHB Bob Dunham 0-0: Foul Ball, location: 2F
0-1: Ball
1-1: Fly out, F7 (Flyball, 7D)
Top of the 1st over - 0 run(s), 0 hit(s), 0 error(s), 1 left on base; Rutgers 0 - Washington 0
BOTTOM OF THE 1ST
Washington Huskies batting - Pitching for Rutgers Scarlet Knights : LHP Jason Simpson
Pitching: LHP Jason Simpson
Batting: RHB Gunnar Bush 0-0: Ball
1-0: Called Strike
1-1: SINGLE (Line Drive, 3D)
Batting: RHB Fernando Castellanos 0-0: Ball
1-0: Ball
2-0: Ground out 5-3 (Groundball, 56S)
Gunnar Bush to second
Batting: RHB Jacob Pope 0-0: Called Strike
0-1: Ball
1-1: Ball
2-1: Ball
3-1: Fly out, F8 (Flyball, 8RM)
Batting: LHB Giraldo Jennings 0-0: Called Strike
0-1: Swinging Strike
0-2: Foul Ball, location: 2F
0-2: Ball
1-2: Strikes out swinging
Bottom of the 1st over - 0 run(s), 1 hit(s), 0 error(s), 1 left on base; Rutgers 0 - Washington 0
TOP OF THE 2ND
Rutgers Scarlet Knights batting - Pitching for Washington Huskies : RHP David Henderson
Batting: SHB Kevin Shelton 0-0: SINGLE (Groundball, 56D) (infield hit)
Batting: RHB Dave Pierce 0-0: Called Strike
0-1: Fly out, F8 (Flyball, 8LS)
Batting: RHB Ed Keesee 0-0: Ball
1-0: Ball
2-0: Ball
3-0: Called Strike
3-1: Called Strike
3-2: Base on Balls
Kevin Shelton to second
Batting: LHB Zach Baxter 0-0: Swinging Strike
0-1: Ball
1-1: Swinging Strike
1-2: Ball
2-2: Ball
3-2: Foul Ball, location: 2F
3-2: Base on Balls
Kevin Shelton to third
Ed Keesee to second
Batting: RHB Steve West 0-0: Ball
1-0: Ball
2-0: Ball
3-0: Base on Balls
Kevin Shelton scores
Ed Keesee to third
Zach Baxter to second
Batting: SHB Woody Stanley 0-0: Called Strike
0-1: Ball
1-1: Fly out, F6 (Popup, 56D)
Batting: RHB Chris Vásquez 0-0: Ball
1-0: Ball
2-0: Ball
3-0: Called Strike
3-1: Fly out, F9 (Flyball, 9M)
Top of the 2nd over - 1 run(s), 1 hit(s), 0 error(s), 3 left on base; Rutgers 1 - Washington 0
BOTTOM OF THE 2ND
Washington Huskies batting - Pitching for Rutgers Scarlet Knights : LHP Jason Simpson
Batting: RHB Manuel Hernández 0-0: Ball
1-0: Called Strike
1-1: Called Strike
1-2: Ball
2-2: Ball
3-2: Foul Ball, location: 2F
3-2: SINGLE (Line Drive, 56D)
Batting: RHB Luis Maestas 0-0: Ball
1-0: Ball
2-0: Foul Ball, location: 2F
2-1: Fly out, F8 (Flyball, 78XD)
Batting: RHB Corey Bailey 0-0: Ball
1-0: Ball
2-0: Called Strike
2-1: Ball
3-1: Foul Ball, location: 2F
3-2: SINGLE (Groundball, 6)
Manuel Hernández to second
Manuel Hernández to third
Batting: RHB Frank Martínez 0-0: Foul Ball, location: 2F
0-1: Called Strike
0-2: Fielders Choice at 2nd, U6 (Groundball, 6M)
Manuel Hernández scores
Batting: RHB Roy Banks 0-0: Ball
1-0: Called Strike
1-1: Foul Ball, location: 2F
1-2: Ball
2-2: Foul Ball, location: 2F
2-2: Ball
3-2: Base on Balls
Frank Martínez to second
Batting: RHB Gunnar Bush 0-0: Ball
1-0: Ball
2-0: Foul Ball, location: 2F
2-1: Ball
3-1: Base on Balls
Frank Martínez to third
Roy Banks to second
Batting: RHB Fernando Castellanos 0-0: Ball
1-0: Called Strike
1-1: Fly out, F4 (Popup, 4)
Bottom of the 2nd over - 1 run(s), 2 hit(s), 0 error(s), 3 left on base; Rutgers 1 - Washington 1
TOP OF THE 3RD
Rutgers Scarlet Knights batting - Pitching for Washington Huskies : RHP David Henderson
Batting: RHB John Patterson 0-0: Called Strike
0-1: Ball
1-1: SINGLE (Groundball, 56D)
Batting: LHB Bob Dunham 0-0: Ball
1-0: Foul Ball, location: 2F
1-1: Swinging Strike
1-2: Foul Ball, location: 2F
1-2: Strikes out swinging
Batting: SHB Kevin Shelton 0-0: Ball
1-0: Ball
2-0: Ball
3-0: Base on Balls
John Patterson to second
Batting: RHB Dave Pierce 0-0: Foul Ball, location: 2F
0-1: Foul Ball, location: 2F
0-2: Strikes out looking
Batting: RHB Ed Keesee 0-0: Fielders Choice at 2nd, U6 (Groundball, 6M)
Top of the 3rd over - 0 run(s), 1 hit(s), 0 error(s), 2 left on base; Rutgers 1 - Washington 1
BOTTOM OF THE 3RD
Washington Huskies batting - Pitching for Rutgers Scarlet Knights : LHP Jason Simpson
Batting: RHB Jacob Pope 0-0: Ball
1-0: Ball
2-0: Ball
3-0: Fly out, F7 (Line Drive, 7D)
Batting: LHB Giraldo Jennings 0-0: Reached on error, E6 (Groundball, 6M)
Batting: RHB Manuel Hernández 0-0: Ball
1-0: Ball
2-0: Swinging Strike
2-1: Ground out 5-3 (Groundball, 56S)
Giraldo Jennings to third
Batting: RHB Luis Maestas 0-0: Ball
1-0: Foul Ball, location: 2F
1-1: Swinging Strike
1-2: Strikes out swinging
Bottom of the 3rd over - 0 run(s), 0 hit(s), 1 error(s), 1 left on base; Rutgers 1 - Washington 1
TOP OF THE 4TH
Rutgers Scarlet Knights batting - Pitching for Washington Huskies : RHP David Henderson
Batting: LHB Zach Baxter 0-0: Called Strike
0-1: Ball
1-1: Fly out, F7 (Popup, 7S)
Batting: RHB Steve West 0-0: Ball
1-0: Foul Ball, location: 2F
1-1: Foul Ball, location: 2F
1-2: Ball
2-2: Strikes out swinging
Batting: SHB Woody Stanley 0-0: Ball
1-0: Foul Ball, location: 2F
1-1: SINGLE (Groundball, 2L) (infield hit)
Batting: RHB Chris Vásquez 0-0: Ball
1-0: Ball
2-0: Ball
3-0: Base on Balls
Woody Stanley to second
Batting: RHB John Patterson 0-0: Ball
1-0: Swinging Strike
1-1: Ball
2-1: Ball
3-1: Base on Balls
Woody Stanley to third
Chris Vásquez to second
Pitching: RHP Albert Vaughan
Batting: LHB Bob Dunham 0-0: Foul Ball, location: 2F
0-1: Called Strike
0-2: Ball
1-2: Ball
2-2: Foul Ball, location: 2F
2-2: Foul Ball, location: 2F
2-2: Ball
3-2: Fly out, F8 (Flyball, 89M)
Top of the 4th over - 0 run(s), 1 hit(s), 0 error(s), 3 left on base; Rutgers 1 - Washington 1
BOTTOM OF THE 4TH
Washington Huskies batting - Pitching for Rutgers Scarlet Knights : LHP Jason Simpson
Batting: RHB Corey Bailey 0-0: Ball
1-0: Ball
2-0: Ground out 3-1 (Groundball, 34S)
Batting: RHB Frank Martínez 0-0: Ball
1-0: Ball
2-0: Called Strike
2-1: Swinging Strike
2-2: Ball
3-2: Base on Balls
Batting: RHB Roy Banks 0-0: Called Strike
0-1: Fly out, F9 (Line Drive, 89M)
Batting: RHB Gunnar Bush 0-0: Ball
1-0: Swinging Strike
1-1: Swinging Strike
1-2: Strikes out looking
Bottom of the 4th over - 0 run(s), 0 hit(s), 0 error(s), 1 left on base; Rutgers 1 - Washington 1
TOP OF THE 5TH
Rutgers Scarlet Knights batting - Pitching for Washington Huskies : RHP Albert Vaughan
Batting: SHB Kevin Shelton 0-0: Called Strike
0-1: Ball
1-1: Foul Ball, location: 2F
1-2: Ball
2-2: Foul Ball, location: 2F
2-2: Strikes out swinging
Batting: RHB Dave Pierce 0-0: Called Strike
0-1: Ball
1-1: Swinging Strike
1-2: Foul Ball, location: 2F
1-2: Strikes out swinging
Pitching: RHP Paco Alonzo
Batting: RHB Ed Keesee 0-0: Ball
1-0: Called Strike
1-1: Called Strike
1-2: Strikes out swinging
Top of the 5th over - 0 run(s), 0 hit(s), 0 error(s), 0 left on base; Rutgers 1 - Washington 1
BOTTOM OF THE 5TH
Washington Huskies batting - Pitching for Rutgers Scarlet Knights : LHP Jason Simpson
Batting: RHB Fernando Castellanos 0-0: Fly out, F8 (Flyball, 8RM)
Pitching: LHP Héctor Ontiveros
Batting: RHB Jacob Pope 0-0: Ball
1-0: Ball
2-0: Called Strike
2-1: Ball
3-1: Base on Balls
Batting: LHB Giraldo Jennings 0-0: Ball
Jacob Pope is caught stealing 2nd base
1-0: Ground out 1-3 (Groundball, 15S)
Bottom of the 5th over - 0 run(s), 0 hit(s), 0 error(s), 0 left on base; Rutgers 1 - Washington 1
TOP OF THE 6TH
Rutgers Scarlet Knights batting - Pitching for Washington Huskies : RHP Paco Alonzo
Batting: LHB Zach Baxter 0-0: Ball
1-0: SINGLE (Line Drive, 6MD)
Batting: RHB Steve West 0-0: Foul Ball, location: 2F
0-1: Called Strike
0-2: Foul Ball, location: 2F
0-2: Strikes out swinging
Batting: SHB Woody Stanley 0-0: Swinging Strike
0-1: Foul Ball, location: 2F
0-2: Ball
1-2: Foul Ball, location: 2F
1-2: Ball
2-2: Strikes out swinging
Batting: RHB Chris Vásquez 0-0: Foul Ball, location: 2F
0-1: Ball
1-1: Ball
2-1: Ball
3-1: Called Strike
3-2: SINGLE (Line Drive, 89S)
Zach Baxter to second
Zach Baxter to third
Batting: RHB John Patterson 0-0: Called Strike
0-1: Swinging Strike
0-2: Strikes out swinging
Top of the 6th over - 0 run(s), 2 hit(s), 0 error(s), 2 left on base; Rutgers 1 - Washington 1
BOTTOM OF THE 6TH
Washington Huskies batting - Pitching for Rutgers Scarlet Knights : LHP Héctor Ontiveros
Batting: RHB Manuel Hernández 0-0: Foul Ball, location: 2F
0-1: Ball
1-1: Ball
2-1: Ball
3-1: Base on Balls
Batting: RHB Luis Maestas 0-0: Foul Ball, location: 2F
0-1: Grounds into double play, 5-4-3 (Groundball, 56)
Batting: RHB Corey Bailey 0-0: Called Strike
0-1: Ball
1-1: SINGLE (Line Drive, 4D)
Batting: RHB Frank Martínez 0-0: Ball
1-0: Ground out 4-3 (Groundball, 4)
Bottom of the 6th over - 0 run(s), 1 hit(s), 0 error(s), 1 left on base; Rutgers 1 - Washington 1
TOP OF THE 7TH
Rutgers Scarlet Knights batting - Pitching for Washington Huskies : RHP Paco Alonzo
Batting: LHB Bob Dunham 0-0: Called Strike
0-1: Ball
1-1: DOUBLE (Groundball, 3L)
Batting: SHB Kevin Shelton 0-0: Intentional Walk
Pitching: LHP Luis Martínez
Batting: RHB Dave Pierce 0-0: Called Strike
0-1: Foul Ball, location: 2F
0-2: Strikes out swinging
Batting: RHB Ed Keesee 0-0: Called Strike
0-1: Ball
1-1: Ball
2-1: Ball
3-1: SINGLE (Groundball, 6MD)
Bob Dunham to third
Kevin Shelton to second
Batting: LHB Zach Baxter 0-0: Called Strike
0-1: Grounds into double play, 6-4-3 (Groundball, 6)
Top of the 7th over - 0 run(s), 2 hit(s), 0 error(s), 2 left on base; Rutgers 1 - Washington 1
BOTTOM OF THE 7TH
Washington Huskies batting - Pitching for Rutgers Scarlet Knights : LHP Héctor Ontiveros
Batting: RHB Roy Banks 0-0: Called Strike
0-1: Foul Ball, location: 2F
0-2: Ball
1-2: Strikes out swinging
Pitching: LHP Jay Metcalf
Batting: RHB Gunnar Bush 0-0: Ball
1-0: Called Strike
1-1: SINGLE (Groundball, 34D)
Batting: RHB Fernando Castellanos 0-0: Ball
1-0: Called Strike
1-1: Ball
2-1: Foul Ball, location: 2F
2-2: Strikes out swinging
Batting: RHB Jacob Pope 0-0: Swinging Strike
0-1: Ball
1-1: Ball
2-1: Ball
3-1: Base on Balls
Gunnar Bush to second
Batting: LHB Giraldo Jennings 0-0: Ball
1-0: Ball
2-0: Foul Ball, location: 2F
2-1: Foul Ball, location: 2F
2-2: Foul Ball, location: 2F
2-2: SINGLE (Groundball, 4MD) (infield hit)
Gunnar Bush to third
Jacob Pope to second
Batting: RHB Manuel Hernández 0-0: Called Strike
0-1: Ball
1-1: Ball
2-1: Ball
3-1: Fielders Choice at 2nd, 6-4 (Groundball, 6)
Bottom of the 7th over - 0 run(s), 2 hit(s), 0 error(s), 2 left on base; Rutgers 1 - Washington 1
TOP OF THE 8TH
Rutgers Scarlet Knights batting - Pitching for Washington Huskies : LHP Luis Martínez
Batting: RHB Steve West 0-0: Called Strike
0-1: Ball
1-1: Ball
2-1: Ball
3-1: Called Strike
3-2: Foul Ball, location: 2F
3-2: Foul Ball, location: 2F
3-2: Base on Balls
Pinch Hitting: RHB Buddy Brown 0-0: SINGLE (Groundball, 56D)
Steve West to second
Batting: RHB Chris Vásquez 0-0: Ball
1-0: Foul Ball, location: 2F
1-1: Bunted foul
1-2: 3-RUN HOME RUN (Flyball, 9D), Distance : 364 ft
Pitching: RHP Jeffrey Córdova
Batting: RHB John Patterson 0-0: Called Strike
0-1: Ball
1-1: Swinging Strike
1-2: SINGLE (Groundball, 2R) (infield hit)
Batting: LHB Bob Dunham 0-0: Ball
1-0: Called Strike
1-1: Called Strike
1-2: Ball
2-2: Strikes out looking
Batting: SHB Kevin Shelton 0-0: Ball
1-0: Ball
2-0: Ball
3-0: Called Strike
3-1: Foul Ball, location: 2F
3-2: Foul Ball, location: 2F
3-2: SINGLE (Groundball, 4MD)
John Patterson to second
Batting: RHB Dave Pierce 0-0: Swinging Strike
0-1: Ball
1-1: Ball
2-1: Grounds into double play, 4-6-3 (Groundball, 34)
Top of the 8th over - 3 run(s), 4 hit(s), 0 error(s), 1 left on base; Rutgers 4 - Washington 1
BOTTOM OF THE 8TH
Washington Huskies batting - Pitching for Rutgers Scarlet Knights : LHP Jay Metcalf
Now at SS: Buddy Brown
Batting: RHB Luis Maestas 0-0: Ball
1-0: Called Strike
1-1: Ball
2-1: Foul Ball, location: 2F
2-2: Fly out, F5 (Popup, 5F)
Batting: RHB Corey Bailey 0-0: Foul Ball, location: 2F
0-1: Called Strike
0-2: Strikes out swinging
Batting: RHB Frank Martínez 0-0: Ball
1-0: Ball
2-0: Swinging Strike
2-1: SOLO HOME RUN (Line Drive, 78XD), Distance : 378 ft
Batting: RHB Roy Banks 0-0: Ball
1-0: Foul Ball, location: 2F
1-1: Foul Ball, location: 2F
1-2: SINGLE (Groundball, 15S) (infield hit)
Pitching: LHP Roger Boone
Batting: RHB Gunnar Bush 0-0: Ball
1-0: Ball
2-0: Called Strike
2-1: Called Strike
2-2: Strikes out swinging
Bottom of the 8th over - 1 run(s), 2 hit(s), 0 error(s), 1 left on base; Rutgers 4 - Washington 2
TOP OF THE 9TH
Rutgers Scarlet Knights batting - Pitching for Washington Huskies : RHP Jeffrey Córdova
Pitching: RHP Ed Lugo
Batting: RHB Ed Keesee 0-0: Called Strike
0-1: Hit by Pitch
Batting: LHB Zach Baxter Pickoff Throw to First - Error! E1
Ed Keesee to second
0-0: Intentional Walk
Batting: RHB Steve West 0-0: Swinging Strike
0-1: DOUBLE (Line Drive, 34D)
Ed Keesee scores
Zach Baxter to third
Batting: RHB Buddy Brown 0-0: Called Strike
0-1: Foul Ball, location: 2F
0-2: Strikes out swinging
Batting: RHB Chris Vásquez 0-0: Ball
Wild Pitch!
Zach Baxter scores
Steve West to third
1-0: Ground out 6-3 (Groundball, 6M)
Steve West scores
Batting: RHB John Patterson 0-0: Called Strike
0-1: Ball
1-1: Swinging Strike
1-2: Ball
2-2: Strikes out swinging
Top of the 9th over - 3 run(s), 1 hit(s), 1 error(s), 0 left on base; Rutgers 7 - Washington 2
BOTTOM OF THE 9TH
Washington Huskies batting - Pitching for Rutgers Scarlet Knights : LHP Roger Boone
Now at C: Brian Johnson
Batting: RHB Fernando Castellanos 0-0: Ball
1-0: Ball
2-0: Ball
3-0: Base on Balls
Batting: RHB Jacob Pope 0-0: SINGLE (Groundball, 4D)
Fernando Castellanos to second
Batting: LHB Giraldo Jennings 0-0: Ball
1-0: Fielders Choice at 2nd, 4-6 (Groundball, 4)
Fernando Castellanos to third
Batting: RHB Manuel Hernández 0-0: Ball
1-0: Ball
2-0: Foul Ball, location: 2F
2-1: Swinging Strike
2-2: Foul Ball, location: 2F
2-2: Ball
3-2: SINGLE (Groundball, 56D)
Fernando Castellanos scores
Giraldo Jennings to second
Pitching: RHP Dominic Scott
Batting: RHB Luis Maestas 0-0: Called Strike
0-1: Reached on error, E6 (Groundball, 56)
Giraldo Jennings to third
Manuel Hernández to second
Batting: RHB Corey Bailey 0-0: Swinging Strike
0-1: Ball
1-1: Called Strike
1-2: Fly out, F8 (Flyball, 8RS)
Pinch Hitting: LHB Sam Clay 0-0: Called Strike
0-1: Ball
1-1: SINGLE (Line Drive, 34)
Giraldo Jennings scores
Manuel Hernández to third
Luis Maestas to second
Runner from 3rd tries for Home, SAFE, no throw or cutoff
Pinch Hitting: RHB Stan Johnson 0-0: Foul Ball, location: 2F
0-1: Ball
1-1: Called Strike
1-2: Strikes out swinging
Bottom of the 9th over - 3 run(s), 3 hit(s), 1 error(s), 2 left on base; Rutgers 7 - Washington 5
This league is powered by Out of the Park Baseball, the baseball management simulation game for PC, Mac and Linux
Saturday, April 9th, 2016 - OOTP Baseball 16.8 Build 38